 Dungeon Crawl Stone Soup version 0.22.1-1-ga44c0e5 (webtiles) character file.

151 Folque the Vandal (level 5, 0/34 HPs)
             Began as a Halfling Hunter on Sept 22, 2018.
             Slain by a phantom (6 damage)
             ... on level 4 of the Dungeon.
             The game lasted 00:12:48 (2861 turns).

Folque the Vandal (Halfling Hunter)                 Turns: 2861, Time: 00:12:49

Health: 0/34       AC:  3    Str: 13    XL:     5   Next: 60%
Magic:  5/5        EV: 15    Int:  9    God:
Gold:   106        SH:  0    Dex: 16    Spells: 4/4 levels left

rFire    . . .     SeeInvis .   a - +1 hunting sling
rCold    . . .     Gourm    .   (shield restricted)
rNeg     . . .     Faith    .   c - +0 leather armour
rPois    .         Spirit   .   (no helmet)
rElec    .         Reflect  .   (no cloak)
rCorr    .         Harm     .   (no gloves)
MR       .....                  (no boots)
Stlth    ++........             (no amulet)
HPRegen  0.11/turn              (no ring)
MPRegen  0.09/turn              (no ring)

@: no status effects
A: small, mutation resistance 1
a: no special abilities


You were on level 4 of the Dungeon.
You were not hungry.

You visited 1 branch of the dungeon, and saw 4 of its levels.

You collected 106 gold pieces.

Inventory:

Hand Weapons
 a - a +1 hunting sling (weapon)
 b - a +0 short sword
 k - a cursed -1 dagger
Missiles
 d - 56 sling bullets (quivered)
 h - 43 stones
 m - 8 tomahawks
Armour
 c - a +0 leather armour (worn)
 u - a +0 buckler
Jewellery
 e - a cursed ring of teleportation {unknown}
 g - a +2 ring of strength {unknown}
 i - an uncursed ring of wizardry {unknown}
 n - a +1 ring of protection {unknown}
 s - an uncursed amulet of magic regeneration
Scrolls
 p - a scroll of random uselessness
Comestibles
 f - 6 rations


   Skills:
 - Level 2.0 Fighting
 * Level 7.7 Slings
 + Level 3.3 Dodging
 - Level 3.0 Stealth


You had 4 spell levels left.
You didn't know any spells.
Your spell library was empty.

Dungeon Overview and Level Annotations

Branches:
Dungeon (4/15)
 Temple: D:4-7

Altars:
Kikubaaqudgha
Sif Muna
Trog

Annotations:
D:4 sbiou's ghost, amateur TrWr


Innate Abilities, Weirdness & Mutations

You are small and have problems with some larger weapons.
You are somewhat resistant to further mutation.


Message History

You are confused.
You feel invigorated. Sbiou's ghost hits you.
* * * LOW HITPOINT WARNING * * *
A phantom comes into view.
The phantom blinks!
The phantom moves out of view.
You feel less invigorated.
You feel less confused.
Sbiou's ghost whispers, "It is all a dream - a grotesque and foolish dream."
It was a potion of cancellation.
Your magical effects are unravelling.
You feel magically purged.
You feel a little less mighty now.
Sbiou's ghost hits you but does no damage.
As you read the scroll labeled WAUCEL IHUHE, it crumbles to dust.
Your brain hurts!
It was a scroll of random uselessness.
Sbiou's ghost hits you.
* * * LOW HITPOINT WARNING * * *
As you read the scroll of fog, it crumbles to dust.
The scroll dissolves into smoke.
The phantom hits you.
You die...

≈≈#...(.>.#########.#.#
######(...............#
#(#.##########.###
#.#... #.# #.##### #.#
#.# #####.# #.# §§##.#
#.# #W##.#
#.#########@##..
#........§W§#
#..########## .....#
#####.# ..# ..# #..#
...#


You could see a phantom and sbiou's ghost.

Vanquished Creatures
  2 orc wizards (D:3)
  5 adders
  An ooze (D:1)
  A worm (D:3)
  A dart slug (D:2)
  A leopard gecko (D:1)
  5 goblins
  7 hobgoblins
  3 kobolds
  2 quokkas (D:2)
  5 ball pythons
  6 bats
  3 frilled lizards (D:1)
  8 rats
50 creatures vanquished.

Vanquished Creatures (others)
  A human (D:3)
1 creature vanquished.

Grand Total: 51 creatures vanquished

Notes
Turn   | Place    | Note
-------+----------+-------------------------------------------
     0 | D:1      | Folque the Halfling Hunter began the quest for the Orb.
     0 | D:1      | Reached XP level 1. HP: 14/14 MP: 1/1
   175 | D:1      | Reached skill level 6 in Slings
   175 | D:1      | Reached XP level 2. HP: 17/19 MP: 2/2
   706 | D:1      | Reached XP level 3. HP: 24/24 MP: 3/3
  1094 | D:2      | Found a bloodstained altar of Trog.
  1456 | D:3      | Reached XP level 4. HP: 11/29 MP: 4/4
  2069 | D:3      | Reached skill level 7 in Slings
  2096 | D:3      | Found a deep blue altar of Sif Muna.
  2116 | D:3      | Reached XP level 5. HP: 17/34 MP: 5/5
  2528 | D:3      | Found an ancient bone altar of Kikubaaqudgha.
  2529 | D:3      | Noticed a human
  2532 | D:3      | Killed a human
  2817 | D:4      | Found a runed door.
  2822 | D:4      | Noticed sbiou's ghost (amateur TrWr)
  2825 | D:4      | Noticed a bullfrog
  2856 | D:4      | HP: 1/34 [sbiou's ghost (5)]
  2857 | D:4      | Noticed a phantom
  2861 | D:4      | Slain by a phantom

Skill      XL: |  1  2  3  4 |
---------------+-------------+-----
Fighting       | 2 |  2.0
Slings         | 6 7 |  7.7
Stealth        | 2 3 |  3.0
Dodging        | 3 |  3.3

Action                   |  1- 3 |  4- 6 || total
-------------------------+-------+-------++-------
Melee: Short sword       |    98 |    50 ||   148
 Fire: Hunting sling     |     7 |    30 ||    37
Throw: Tomahawk          |     2 |       ||     2
  Use: Scroll            |     2 |     6 ||     8
       Potion            |       |     3 ||     3
 Stab: Sleeping          |     5 |     4 ||     9
  Eat: Chunk             |     2 |     2 ||     4
       Ration            |       |     1 ||     1
Armor: Leather armour    |    14 |    11 ||    25
Dodge: Dodged            |    63 |    51 ||   114
